 Dungeon Crawl Stone Soup version 0.30.1-11-g7821555f0a (webtiles) character file.

Game seed: 12594459681922098203

11 monsoonserge the Grasshopper (level 2, -1/22 HPs)
             Began as a Demonspawn Warper on Oct 28, 2023.
             Slain by a kobold
             ... wielding a +0 whip
              (3 damage)
             ... on level 1 of the Dungeon.
             The game lasted 00:01:28 (362 turns).

monsoonserge the Grasshopper (Demonspawn Warper)     Turns: 362, Time: 00:01:29

Health: -1/22      AC:  3    Str: 11    XL:     2   Next: 17%
Magic:  5/5        EV: 11    Int: 14    God:
Gold:   11         SH:  0    Dex: 14    Spells: 5/5 levels left

rFire   . . .        a - +0 falchion
rCold   . . .        (no shield)
rNeg    . . .        b - +0 leather armour
rPois   .            (no helmet)
rElec   .            (no cloak)
rCorr   .            (no gloves)
SInv    .            (no boots)
Will    .....        (no amulet)
Stlth   ++           (no ring)
HPRegen 0.23/turn    (no ring)
MPRegen 0.09/turn

%: no passive effects
@: no status effects
A: thin skeletal structure 1
a: no special abilities


You were on level 1 of the Dungeon.
You visited 1 branch of the dungeon, and saw 1 of its levels.

You collected 11 gold pieces.

Inventory:

Hand Weapons
 a - a +0 falchion (weapon)
Missiles
 d - 7 boomerangs of dispersal (quivered)
Armour
 b - a +0 leather armour (worn)
Scrolls
 c - a scroll of blinking
 f - a scroll of enchant armour {unknown}
Potions
 e - a potion of curing {unknown}


   Skills:
 + Level 2.2 Fighting
 + Level 1.8 Long Blades
 + Level 0.8 Throwing
 + Level 1.1 Armour
 + Level 1.7 Dodging
 - Level 2.0 Spellcasting
 + Level 3.1 Translocations


You had 5 spell levels left.
You didn't know any spells.
Your spell library contained the following spells:

 Spells                   Type           Power      Damage    Failure   Level
 Blink                    Tloc           20%        N/A       13%         2
 Lesser Beckoning         Tloc           20%        N/A       13%         2
 Momentum Strike          Conj/Tloc      10%        3d8       26%         2
 Teleport Other           Tloc           10%        N/A       26%         3
 Vhi's Electric Charge    Tloc/Air       10%        N/A       45%         3
 Manifold Assault         Tloc           10%        N/A       65%         4


Dungeon Overview and Level Annotations

Branches:
Dungeon (1/15)

Altars:

Shops:
D:1 [


Innate Abilities, Weirdness & Mutations

You have a somewhat thin skeletal structure. (Dex +2, Stealth+)


Message History

The endoplasm freezes you.
You are frozen.
You slash the endoplasm!
You kill the endoplasm!
The bat closely misses you. The bat completely misses you.
You hit the bat.
You kill the bat!
A goblin and a quokka come into view.
You barely miss the quokka. The quokka barely misses you.
The quokka bites you but does no damage.
You barely miss the quokka.
The goblin shouts!
You hear a shout!
The quokka bites you but does no damage.
A kobold comes into view. It is wielding a +0 whip.
You hit the quokka.
The quokka is almost dead.
The quokka bites you. The quokka closely misses you.
You closely miss the quokka.
The quokka is almost dead.
The goblin hits you with a +0 club. The quokka bites you.
The goblin hits you with a +0 club.
A kobold comes into view. It is wielding a +0 short sword.
You closely miss the quokka.
The quokka is almost dead.
The quokka completely misses you. The goblin hits you with a +0 club.
The quokka closely misses you.
You hit the quokka.
You kill the quokka!
The goblin hits you with a +0 club.
You barely miss the goblin. The goblin hits you with a +0 club.
The kobold hits you with a +0 whip.
* * * LOW HITPOINT WARNING * * *
You closely miss the goblin. The goblin hits you but does no damage.
The kobold hits you with a +0 whip.
* * * LOW HITPOINT WARNING * * *
The kobold misses you. The goblin misses you.
You closely miss the goblin. The goblin closely misses you.
The kobold hits you with a +0 whip.
You die...

#.###......>.#
##.#.#.#.##..#
###.##.#.##...
##########.........).#
.........#.#.##.#..#...
.#.#####......#.#....#.
..#.### #.#.#...........
......K##.#.##.#.##.....
#K@.....#.#.# ###.#
#...g...#......# ..
....#####......## . ###
####.### .# #


You could see a goblin and 2 kobolds.

Vanquished Creatures
  2 bats (D:1)
  4 endoplasms (D:1)
  A hobgoblin (D:1)
  A quokka (D:1)
  A ball python (D:1)
  A frilled lizard (D:1)
10 creatures vanquished.

Notes
Turn   | Place    | Note
-------+----------+-------------------------------------------
     0 | D:1      | monsoonserge the Demonspawn Warper began the quest for the
                  | Orb.
     0 | D:1      | Reached XP level 1. HP: 16/16 MP: 3/3
   152 | D:1      | Found Suyxej's Armour Emporium.
   186 | D:1      | Reached skill level 1 in Armour
   288 | D:1      | Reached skill level 3 in Translocations
   288 | D:1      | Gained mutation: You have a somewhat thin skeletal
                  | structure. (Dex +2, Stealth+) [demonic ancestry]
   288 | D:1      | Reached XP level 2. HP: 21/22 MP: 5/5
   361 | D:1      | HP: 1/22 [kobold/+0 whip (3)]
   362 | D:1      | Slain by a kobold

Illustrated notes

Levels and vault maps discovered:
D:1:      amcnicky_arrival_underground_garden, layout_loops_cross, serial_shops,
          shop, chequers_serial_rivers_room_b

Skill      XL: |  1 |
---------------+----+-----
Armour         | 1 |  1.1
Translocations | 3 |  3.1
Fighting       | |  2.2
Long Blades    | |  1.8
Throwing       | |  0.8
Dodging        | |  1.7
Spellcasting   | |  2.0

Action                     || total
---------------------------++-------
  Melee: Falchion          ||    39
 Armour: Leather armour    ||    10
  Dodge: Dodged            ||    29
